 Dungeon Sprint DCSS version 0.31.0-9-g3a7656b989 (webtiles) character file.

Game seed: 3179483741403197518

241 Heoruswealwe the Spear-Bearer (level 5, -7/53 HPs)
             Began as a Minotaur Fighter on Feb 2, 2024.
             Was an Initiate of Gozag.
             Mangled by a troll (9 damage)
             ... in the Dungeon (Sprint IX: "|||||||||||||||||||||||||||||").
             The game lasted 00:01:06 (95 turns).

Heoruswealwe the Spear-Bearer (Minotaur Fighter)      Turns: 95, Time: 00:01:07

Health: -7/53      AC:  8    Str: 22    XL:     5   Next: 80%
Magic:  4/4        EV:  9    Int:  5    God:    Gozag
Gold:   0          SH:  4    Dex: 10    Spells: 4/4 levels left

rFire   . . .        a - +0 trident
rCold   . . .        d - +0 buckler
rNeg    . . .        c - +0 scale mail
rPois   .            (helmet restricted)
rElec   .            (no cloak)
rCorr   .            (no gloves)
SInv    .            (no boots)
Will    .....        (no amulet) Stlth
                     (no ring)
HPRegen 0.28/turn    (no ring)
MPRegen 0.09/turn

%: no teleportation
@: no status effects
A: horns 2, retaliatory headbutt
a: Renounce Religion, Potion Petition, Call Merchant, Bribe Branch


You were in the Dungeon.
You worshipped Gozag.
Gozag was noncommittal.
You visited 1 branch

Inventory:

Hand Weapons
 a - a +0 trident (weapon)
Armour
 c - a +0 scale mail (worn)
 d - a +0 buckler (worn)
Jewellery
 k - a +3 ring of strength
 l - a +2 ring of evasion
Wands
 h - a wand of iceblast (10)
Scrolls
 j - 2 scrolls of blinking
Potions
 b - a potion of might
 e - 5 potions of curing
 f - 3 potions of heal wounds
 g - a potion of haste
 i - a potion of berserk rage


   Skills:
 + Level 8.1 Fighting
 * Level 10.5 Polearms
 + Level 8.1 Armour
 - Level 3.6 Shields


You had 4 spell levels left.
You didn't know any spells.
Your spell library was empty.

Dungeon Overview and Level Annotations

Branches:
Dungeon (1/1)

Altars:
Cheibriados
Dithmenos
Elyvilon
Fedhas
Gozag
Hepliaklqana
Kikubaaqudgha
Makhleb
Nemelex Xobeh
Okawaru
Qazlal
Ru
Sif Muna
Trog
Uskayaw
Vehumet
Wu Jian
Xom
Yredelemnul
Zin
The Shining One
Jiyva
Lugonu


Innate Abilities, Weirdness & Mutations

You have a pair of horns on your head.
You reflexively headbutt those who attack you in melee.


Message History

l - a +2 ring of evasion You open the door.
A troll, a centaur, a steam dragon, an orc warrior, a howler monkey and a yak come into view.
The orc warrior is wielding a +0 scimitar and wearing a +2 chain mail of cold resistance.
The centaur shouts!
The steam dragon hisses angrily.
The howler monkey howls!
The yak bellows!
The howler monkey hoots and howls with incredible vigour!
You hear a shout!
You hear a bellow!
You hear a shout!
You hit the troll. You headbutt the troll.
The troll is lightly wounded.
The troll bites you but does no damage. The troll claws you!
The troll claws you but does no damage.
You closely miss the troll. Your headbutt misses the troll.
The troll is lightly wounded.
You block the troll's attack. The troll claws you. x2
You hit the troll but do no damage.
The troll is lightly wounded.
The troll bites you! The troll claws you but does no damage.
The troll claws you!
You hit the troll. Your headbutt misses the troll.
The troll is moderately wounded.
You hit the troll. Your headbutt misses the troll.
The troll is moderately wounded.
You block the troll's attack. The troll barely misses you.
You block the troll's attack.
You puncture the troll!
The troll is heavily wounded.
The troll bites you!
* * * LOW HITPOINT WARNING * * *
The troll claws you.
* * * LOW HITPOINT WARNING * * *
The troll claws you.
* * * LOW HITPOINT WARNING * * *
The howler monkey hoots and howls with incredible vigour!
You hear a shout!
You closely miss the troll. Your headbutt misses the troll.
The troll is heavily wounded.
You block the troll's attack. The troll claws you!
You die...
Your body crumbles into a pile of gold.

▓!▓
▓?▓
▓)▓
▓.▓
▓[▓
▓[▓
▓[▓
▓.▓
▓@▓
▓T▓
▓c▓
▓D▓
▓o▓
▓h▓
▓Y▓
▓.▓


You could see a yak, a troll, a steam dragon, an orc warrior, a centaur and a
howler monkey (catching breath).

Vanquished Creatures
  An ice beast (D)
  An ogre (D)
  A hound (D)
  A jelly (D)
  An adder (D)
  A giant cockroach (D)
  3 goblins (D)
  A bat (D)
10 creatures vanquished.

Notes
Turn   | Place    | Note
-------+----------+-------------------------------------------
     0 | D        | Heoruswealwe the Minotaur Fighter began the quest for the
                  | Orb.
     0 | D        | Reached XP level 1. HP: 19/19 MP: 0/0
     5 | D        | Reached skill level 3 in Polearms
    21 | D        | Noticed a hound
    21 | D        | Noticed an ogre
    21 | D        | Noticed a jelly
    21 | D        | Noticed an ice beast
    25 | D        | Reached skill level 4 in Polearms
    25 | D        | Reached XP level 2. HP: 26/28 MP: 1/1
    29 | D        | Reached skill level 5 in Fighting
    29 | D        | Reached skill level 6 in Polearms
    29 | D        | Reached skill level 5 in Armour
    29 | D        | Reached XP level 3. HP: 35/36 MP: 2/2
    31 | D        | Killed an ogre
    32 | D        | Reached skill level 8 in Polearms
    32 | D        | Reached XP level 4. HP: 45/45 MP: 3/3
    34 | D        | Reached skill level 9 in Polearms
    34 | D        | Reached XP level 5. HP: 47/52 MP: 4/4
    37 | D        | Killed an ice beast
    38 | D        | Reached skill level 10 in Polearms
    44 | D        | Found a snail-covered altar of Cheibriados.
    44 | D        | Found a shadowy altar of Dithmenos.
    44 | D        | Found a white marble altar of Elyvilon.
    44 | D        | Found a blossoming altar of Fedhas.
    44 | D        | Found an opulent altar of Gozag.
    45 | D        | Found a hazy altar of Hepliaklqana.
    46 | D        | Found a viscous altar of Jiyva.
    47 | D        | Found an ancient bone altar of Kikubaaqudgha.
    48 | D        | Found a corrupted altar of Lugonu.
    49 | D        | Found a burning altar of Makhleb.
    50 | D        | Found a sparkling altar of Nemelex Xobeh.
    51 | D        | Found an iron altar of Okawaru.
    52 | D        | Became a worshipper of Gozag Ym Sagoz the Greedy
    53 | D        | Found a stormy altar of Qazlal.
    54 | D        | Found a sacrificial altar of Ru.
    55 | D        | Found a shimmering blue altar of Sif Muna.
    56 | D        | Found a bloodstained altar of Trog.
    57 | D        | Found a hide-covered altar of Uskayaw.
    58 | D        | Found a radiant altar of Vehumet.
    59 | D        | Found an ornate altar of the Wu Jian Council.
    60 | D        | Found a shimmering altar of Xom.
    61 | D        | Found a basalt altar of Yredelemnul.
    62 | D        | Found a glowing silver altar of Zin.
    63 | D        | Found a glowing golden altar of the Shining One.
    88 | D        | Noticed a troll
    88 | D        | Noticed a centaur
    88 | D        | Noticed a steam dragon
    88 | D        | Noticed an orc warrior
    88 | D        | Noticed a yak
    94 | D        | HP: 2/53 [troll (1)]
    95 | D        | Mangled by a troll

Illustrated notes

Levels and vault maps discovered:
D:        linesprint [early_d, line_temple, items_1, d_10, items_2, lair_1,
          lair_end, items_3, orc_1, orc_end, items_4, d_15, swamp_1, shoals_1,
          snake_1, spider_1, d_20, vaults_1, items_5, swamp_end, shoals_end,
          snake_end, spider_end, vaults_end, d_27, items_6, zot_1, zot_end,
          crypt_end, forest_end, elf_end, slime_end, tomb_end, abyss_end,
          pan_hell_end]

Skill      XL: |  1  2  3  4  5 |
---------------+----------------+-----
Polearms       | 4 6 8 9 10 | 10.5
Fighting       | 4 5 6 7 8 |  8.1
Armour         | 4 5 6 7 8 |  8.1
Shields        | |  3.6

Action                     |  1- 3 |  4- 6 || total
---------------------------+-------+-------++-------
  Melee: Trident           |    19 |    13 ||    32
         Headbutt          |       |     4 ||     4
 Armour: Scale mail        |     7 |    15 ||    22
  Dodge: Dodged            |     8 |     1 ||     9
  Block: Buckler           |     4 |     4 ||     8
